Map: Orbital Shipyard

Players

Hindulaatti

  • Race: Protoss Protoss
  • League: Diamond

Marcek

  • Race: Protoss Protoss
  • League: Silver

fanzuu

  • Race: Terran Terran

Pablo

  • Race: Terran Terran

VOD

Have the link to the VOD?

Description

Time

  • Played on: Jan. 1, 2016, 3:09 p.m.
  • Length: 6:28
Show
View Real Time Build Order
Export as new Build Order

Hindulaatti Protoss 

Build Orders:  

Get SALT Encoding   

  12  0:02  Probe (Chrono Boost)  
  13  0:13  Pylon  
  13  0:17  Probe (Chrono Boost)  
  14  0:28  Probe (Chrono Boost)  
  15  0:36  Gateway  
  15  0:40  Probe (Chrono Boost)  
  16  0:50  Probe (Chrono Boost)  
  16  0:55  Assimilator  
  17  1:01  Probe (Chrono Boost)  
  18  1:12  Probe (Chrono Boost)  
  19  1:22  Probe (Chrono Boost)  
  19  1:23  Cybernetics Core, Pylon  
  20  1:33  Probe (Chrono Boost)  
  21  1:48  Nexus  
  21  1:52  Probe (Chrono Boost)  
  22  1:59  Warp Gate  
  22  2:03  Probe (Chrono Boost)  
  22  2:04  Adept  
  25  2:14  Probe (Chrono Boost)  
  25  2:15  Pylon  
  26  2:18  Assimilator  
  25  2:34  Robotics Facility  
  25  2:37  Adept  
  27  2:48  Probe (Chrono Boost)  
  28  2:56  Pylon  
  28  2:58  Gateway  
  28  3:05  Pylon  
  28  3:11  Mothership Core (Chrono Boost)  
  30  3:14  Probe (Chrono Boost)  
  31  3:23  Observer  
  31  3:24  Probe (Chrono Boost)  
  35  3:27  Adept  
  35  3:29  Probe (Chrono Boost)  
  36  3:35  Probe (Chrono Boost)  
  36  3:40  Probe (Chrono Boost)  
  38  3:42  Gateway  
  38  3:49  Probe (Chrono Boost)  
  38  3:51  Probe (Chrono Boost)  
  40  3:56  Warp Prism  
  40  4:01  Probe x2 (Chrono Boost)  
  44  4:10  Gateway  
  44  4:14  Adept  
  46  4:21  Probe x2 (Chrono Boost)  
  46  4:23  Adept  
  50  4:34  Pylon  
  50  4:36  Adept  
  52  4:39  Probe (Chrono Boost)  
  52  4:40  Probe (Chrono Boost)  
  52  4:42  Pylon  
  54  4:54  Probe x2 (Chrono Boost)  
  54  4:55  Warp Prism, Pylon  
  54  4:56  Adept  
  60  5:03  Gateway  
  60  5:13  Probe (Chrono Boost)  
  60  5:14  Probe (Chrono Boost)  
  62  5:15  Assimilator  
  62  5:17  Adept  
  64  5:21  Assimilator  
  64  5:26  Nexus  
  64  5:30  Probe x2 (Chrono Boost)  
  66  5:36  Zealot x2  
  66  5:41  Adept  
  66  5:42  Adept  
  74  5:45  Probe (Chrono Boost)  
  75  5:56  Robotics Bay  
  75  6:00  Probe x2 (Chrono Boost)  
  75  6:10  Adept x4  
  81  6:19  Adept  
Show
View Real Time Build Order
Export as new Build Order

Marcek Protoss 

Build Orders:  

Get SALT Encoding   

  12  0:01  SCV  
  13  0:13  SCV  
  14  0:20  Supply Depot  
  14  0:25  SCV  
  15  0:30  Refinery  
  15  0:41  SCV  
  16  0:46  Barracks  
  16  0:53  SCV  
  17  1:05  SCV  
  18  1:18  SCV  
  19  1:30  SCV  
  20  1:37  Marine  
  21  1:45  Supply Depot  
  21  1:52  Command Center  
  21  1:59  Orbital Command  
  21  2:03  Marine  
  22  2:21  Marine  
  23  2:32  Factory  
  23  2:37  SCV  
  24  2:49  Barracks Reactor, SCV  
  25  2:54  Barracks  
  25  2:58  Refinery, Barracks  
  25  3:01  SCV  
  25  3:07  Orbital Command  
  25  3:14  SCV  
  25  3:15  Widow Mine  
  28  3:26  SCV  
  28  3:27  Marine x2  
  31  3:37  SCV  
  31  3:40  SCV  
  33  3:43  Barracks Tech Lab  
  32  3:49  SCV  
  32  3:52  Marine  
  32  3:53  Marine  
  33  3:55  Barracks Tech Lab  
  33  4:16  Marauder x2, Widow Mine  
  34  4:18  SCV  
  34  4:20  SCV  
  38  4:29  Starport  
  38  4:30  Combat Shields  
  38  4:31  SCV  
  38  4:32  SCV  
  38  4:34  Marine x2  
  40  4:51  Marine  
  40  4:52  Marine  
  42  5:00  Marauder  
  42  5:01  Marauder  
  42  5:03  SCV  
  42  5:05  SCV  
  45  5:09  Marine  
  45  5:12  Starport Reactor  
  45  5:13  Supply Depot  
  46  5:14  Supply Depot  
  46  5:18  SCV  
  46  5:19  Marine  
  46  5:34  SCV x2  
  46  5:35  Marauder  
  50  5:36  Marine  
  50  5:37  Marine  
  50  5:38  Widow Mine  
  54  5:46  SCV x2  
  56  5:53  Refinery  
  56  5:54  Refinery, Marine  
  56  5:58  SCV x2  
  52  6:11  SCV  
Show
View Real Time Build Order
Export as new Build Order

fanzuu Terran 

Build Orders:  

Get SALT Encoding   

Show
View Real Time Build Order
Export as new Build Order

Pablo Terran 

Build Orders:  

Get SALT Encoding   

Tags
 
Add a new tag
Caveats
  • Supply blocks, unpowered buildings, or Contaminate may cause inaccurate times.
  • Supply counts are checked every 10 seconds.